 Dungeon Crawl Stone Soup version 0.30-a0-557-ge2afbf3030 (webtiles) character file.

Game seed: 15102064467496506232

1600 greasedhog the Changer (level 8, -1/49 HPs)
             Began as a Gargoyle Transmuter on Dec 27, 2022.
             Slain by a steam dragon (5 damage)
             ... on level 7 of the Dungeon.
             The game lasted 00:10:33 (5787 turns).

greasedhog the Changer (Gargoyle Transmuter)        Turns: 5787, Time: 00:10:33

Health: -1/49      AC:  2    Str: 14    XL:     8   Next: 94%
Magic:  12/14      EV: 18    Int: 16    God:
Gold:   44         SH:  0    Dex: 15    Spells: 4/15 levels left

rFire   . . .      SeeInvis .      - Unarmed
rCold   . . .      Faith    .    (shield currently unavailable)
rNeg    + . .      Spirit   .    (body armour currently unavailable)
rPois   ∞          Reflect  .    (helmet currently unavailable)
rElec   .          Harm     .    (cloak currently unavailable)
rCorr   .          Rampage  .    (gloves currently unavailable)
Will    .....                    (boots currently unavailable)
Stlth   +                        p - amulet of the acrobat
HPRegen 0.28/turn                (no ring)
MPRegen 0.14/turn                (no ring)

@: spider-form
A: venomous fangs, sickness immunity, AC +5, tiny, negative energy resistance 1,
(electricity resistance), torment resistance 1, petrification resistance
a: End Transformation


You were on level 7 of the Dungeon.
You were a venomous arachnid creature.
You visited 2 branches of the dungeon, and saw 8 of its levels.

You collected 364 gold pieces.
You spent 320 gold pieces at shops.

Inventory:

Armour
 e - a +2 pair of gloves (melded)
 t - +0 steam dragon scales (melded)
 w - a +0 cloak (melded)
 x - a +0 helmet (melded)
Jewellery
 p - an amulet of the acrobat (around neck)
Wands
 j - a wand of iceblast (8)
 l - a wand of flame (27)
 q - a wand of charming (8)
Scrolls
 a - a scroll of poison
 d - 3 scrolls of magic mapping
 f - 3 scrolls of immolation
 k - 2 scrolls of teleportation
 r - a scroll of fog
 s - a scroll of fear
 u - a scroll of vulnerability {unknown}
 v - 2 scrolls of identify
Potions
 b - a potion of lignification
 c - a potion of berserk rage
 g - 2 potions of brilliance
 h - 6 potions of resistance
 i - 2 potions of curing
 m - a potion of mutation {unknown}
 n - a potion of cancellation {unknown}
 o - 3 potions of might


   Skills:
 - Level 5.2 Fighting
 + Level 4.2 Armour
 - Level 1.5 Dodging
 - Level 3.1 Unarmed Combat
 - Level 4.4 Spellcasting
 * Level 6.4 Transmutations
 * Level 1.1 Ice Magic


You had 4 spell levels left.
You knew the following spells:

 Your Spells              Type           Power      Damage    Failure   Level
a - Beastly Appendage     Tmut           48%        N/A       5%          1
b - Wereblood             Tmut           24%        N/A       7%          2
c - Sandblast             Erth           6%         2d5       34%         1
d - Spider Form           Tmut/Pois      13%        N/A       30%         3
e - Ice Form              Ice/Tmut       15%        N/A       54%         4

Your spell library contained the following spells:

 Spells                   Type           Power      Damage    Failure   Level
 Passwall                 Tmut/Erth      10%        N/A       17%         2
 Freeze                   Ice            28%        1d5       26%         1
 Kiss of Death            Conj/Necr      12%        2d6       34%         1
 Summon Small Mammal      Summ           12%        N/A       34%         1
 Frozen Ramparts          Ice            14%        1d3       52%         3
 Hailstorm                Conj/Ice       5%         3d4       58%         3
 Petrify                  Tmut/Erth      13%        N/A       61%         4
 Call Canine Familiar     Summ           3%         N/A       65%         3
 Confusing Touch          Hex            3%         N/A       65%         3
 Inner Flame              Hex/Fire       3%         N/A       65%         3
 Stone Arrow              Conj/Erth      6%         3d7       65%         3
 Summon Guardian Golem    Hex/Summ       3%         N/A       65%         3
 Cause Fear               Hex            1%         N/A       95%         4
 Dispel Undead            Necr           3%         3d7       95%         4
 Irradiate                Conj/Tmut      6%         3d13      89%         5
 Summon Hydra             Summ           1%         N/A       100%        7
 Discord                  Hex            1%         N/A       100%        8
 Sublimation of Blood     Necr           Unusable   N/A       N/A         2

Dungeon Overview and Level Annotations

Branches:
Dungeon (7/15)             Temple (1/1) D:6

Altars:
Ashenzari
Cheibriados
Dithmenos
Elyvilon
Fedhas
Gozag
Kikubaaqudgha
Makhleb
Nemelex Xobeh
Okawaru
Qazlal
Ru
Trog
Uskayaw
Vehumet
Xom
Yredelemnul
Zin
The Shining One

Shops:
D:5 !(*   D:7 [


Innate Abilities, Weirdness & Mutations

You are a venomous arachnid creature.
You have poisonous fangs.
You are tiny and dextrous.
Your spellcasting is less reliable in this form.
Your armour is entirely melded.
You are incapable of wielding weapons or throwing items.
You are immune to sickness and miasma.
((Your stone body is resilient. (AC +5)))
You are immune to poison.
You resist negative energy. (rN+)
((You are resistant to electric shocks. (rElec)))
You are resistant to unholy torment.
You are immune to petrification.


Message History

A steam dragon comes into view.
Casting: Spider Form (dangerous; 13% risk of failure)
Confirm with . or Enter, or press ? or * to list all spells.
You turn into a venomous arachnid creature.
Your +0 cloak melds into your body.
Your +0 helmet melds into your body.
Your +2 pair of gloves melds into your body.
Your +0 steam dragon scales melds into your body.
The steam dragon hisses angrily.
The steam dragon breathes steam at you. The ball of steam misses you.
You are engulfed in a cloud of scalding steam.
You hit the steam dragon but do no damage.
The steam dragon is poisoned.
You are engulfed in a cloud of scalding steam.
The steam dragon barely misses you. The steam dragon misses you.
You hit the steam dragon.
The steam dragon looks even sicker.
The steam dragon is lightly wounded.
The steam dragon misses you. The steam dragon claws you.
You completely miss the steam dragon.
The steam dragon is lightly wounded.
The steam dragon breathes steam at you. The ball of steam hits you!
The steam dragon completely misses you. The steam dragon closely misses you.
You hit the steam dragon.
The steam dragon looks as sick as possible!
The steam dragon is lightly wounded.
The steam dragon bites you!
* * * LOW HITPOINT WARNING * * *
The steam dragon closely misses you. The steam dragon breathes steam at you.
The ball of steam misses you.
You hit the steam dragon.
The steam dragon looks as sick as possible!
The steam dragon is heavily wounded.
You are engulfed in a cloud of scalding steam.
* * * LOW HITPOINT WARNING * * *
The steam dragon bites you.
* * * LOW HITPOINT WARNING * * *
The steam dragon claws you.
You die...

.........###
............#
#............#
#............#
#............# ####
#.......[....# ...#
#............# ##.#
#............# #.#
#...§.§..Ds§§# #)#
#...........§#
#.#########.#######
#.........#.#
#..).####.#.#
##.##..# #.#
...###.###.#.#
#..#.......#.#
#..#.##.####.#


You could see a steam dragon (extremely poisoned, catching breath).

Vanquished Creatures
  Grinder (D:5)
  A steam dragon (D:6)
  Duvessa (D:5)
  An orc warrior (D:7)
  3 centaurs (D:6)
  An ogre (D:4)
  A phantom (D:6)
  A bullfrog (D:6)
  Dowan (D:5)
  A howler monkey (D:6)
  3 hounds
  A jelly (D:6)
  2 gnoll boudas
  Jessica (D:2)
  An orc wizard (D:4)
  Terence (D:2)
  An iguana (D:6)
  13 gnolls
  4 adders
  A shadow imp (D:6)
  2 ufetubi
  2 worms (D:3)
  3 dart slugs
  13 orcs
  5 endoplasms
  4 giant cockroaches
  4 goblins
  4 hobgoblins
  3 jackals
  3 quokkas
  8 ball pythons
  3 bats
  7 frilled lizards
  6 kobolds
  2 rats
109 creatures vanquished.

Notes
Turn   | Place    | Note
-------+----------+-------------------------------------------
     0 | D:1      | greasedhog the Gargoyle Transmuter began the quest for the
                  | Orb.
     0 | D:1      | Reached XP level 1. HP: 12/12 MP: 3/3
   219 | D:1      | Reached XP level 2. HP: 16/16 MP: 5/5
   556 | D:1      | Learned a level 2 spell: Wereblood
   602 | D:2      | Found a faded altar of an unknown god.
   747 | D:2      | Learned a level 1 spell: Sandblast
   787 | D:2      | Reached skill level 2 in Transmutations
   787 | D:2      | Reached XP level 3. HP: 10/21 MP: 2/6
   898 | D:2      | Noticed Jessica
   907 | D:2      | Killed Jessica
   908 | D:2      | Reached XP level 4. HP: 27/27 MP: 4/7
  1044 | D:2      | Noticed Terence
  1060 | D:2      | Killed Terence
  1383 | D:3      | You fall into a shaft and drop 2 floors!
  1383 | D:5      | Entered Level 5 of the Dungeon
  1395 | D:5      | Learned a level 3 spell: Spider Form
  1411 | D:5      | Noticed Grinder
  1419 | D:5      | Killed Grinder
  1420 | D:5      | Reached skill level 3 in Transmutations
  1420 | D:5      | Reached XP level 5. HP: 33/33 MP: 5/10
  1420 | D:5      | Reached XP level 6. HP: 38/38 MP: 5/11
  1448 | D:5      | Noticed Duvessa
  1454 | D:5      | Noticed Dowan
  1468 | D:5      | Killed Duvessa
  1471 | D:5      | Killed Dowan
  1472 | D:5      | Reached XP level 7. HP: 42/44 MP: 10/13
  1551 | D:5      | Found Cinnon's Distillery.
  1558 | D:5      | Bought a potion of degeneration for 14 gold pieces
  1656 | D:5      | Found Zale's Weapon Shop.
  1662 | D:5      | Learned a level 4 spell: Ice Form
  1766 | D:5      | Found the +3 greatsling "Punk" {acid, rCorr}
  1907 | D:5      | Found Gedapp's Lightly-Used Armoury.
  2223 | D:4      | Reached skill level 4 in Transmutations
  2269 | D:4      | Reached skill level 5 in Fighting
  3029 | D:3      | Identified the +1 ring mail of Woze {rC+ Int+6}
  3715 | D:5      | Reached skill level 1 in Armour
  4034 | D:6      | Reached XP level 8. HP: 28/49 MP: 11/14
  4205 | D:6      | Reached skill level 5 in Transmutations
  4939 | D:6      | Reached skill level 6 in Transmutations
  5120 | D:6      | Identified the +1 dagger of Trial by Ordeal {venom, Int+3}
  5317 | D:6      | Found a shadowy altar of Dithmenos.
  5536 | D:6      | Found a staircase to the Ecumenical Temple.
  5543 | Temple   | Entered the Ecumenical Temple
  5634 | D:7      | Reached skill level 1 in Ice Magic
  5733 | D:7      | Found Fosyej's Antique Armour Shoppe.
  5741 | D:7      | Bought a cloak for 153 gold pieces
  5741 | D:7      | Bought a helmet for 153 gold pieces
  5787 | D:7      | Slain by a steam dragon

Illustrated notes

Levels and vault maps discovered:
D:1:      tarquinn_simple_flora_water_f, layout_rooms, minmay_close_crescents
D:2:      layout_basic, ebering_ecumenical_altar_abandoned,
          minmay_misc_feat_iff, chequers_serial_rivers_micro_d, uniq_terence,
          uniq_jessica
D:3:      layout_basic
D:4:      layout_loops_cross
D:5:      layout_loops_corners, serial_shops,
          nicolae_shop_competitors_out_of_business, shop, minmay_shop_damaged,
          uniq_grinder, uniq_duvessa
D:6:      layout_basic, grunt_dithmenos_shadows,
          minmay_temple_entry_enclosed_plants, serial_bayou_pond_a,
          amcnicky_mini_pool_small, kennysheep_pointless_box, hex_intersection,
          minmay_parallelograms, nrook_mini_backslash
D:7:      layout_basic, serial_shops, shop, nicolae_inconvenience_store, shop,
          nicolae_shop_hallway_stairs
Temple:   nicolae_temple_no_exploring_needed

Skill      XL: |  1  2  3  4  5  6  7  8 |
---------------+-------------------------+-----
Fighting       | 2 3 4 5 |  5.2
Transmutations | 2 3 4 6 |  6.4
Spellcasting   | 3 4 |  4.4
Armour         | 1 4 |  4.2
Ice Magic      | 1 |  1.1
Dodging        | |  1.5
Unarmed Combat | |  3.1

Action                   |  1- 3 |  4- 6 |  7- 9 || total
-------------------------+-------+-------+-------++-------
Melee: Unarmed           |    82 |    64 |   290 ||   436
       Headbutt          |     5 |     8 |    38 ||    51
       Kick              |     9 |    14 |    63 ||    86
       Punch             |     3 |     2 |     6 ||    11
 Cast: Beastly Appendage |    19 |    10 |    37 ||    66
       Sandblast         |     1 |       |       ||     1
       Wereblood         |     1 |     2 |    10 ||    13
       Spider Form       |       |       |     6 ||     6
Evoke: Wand              |       |     2 |     2 ||     4
  Use: Scroll            |     5 |       |     6 ||    11
       Potion            |       |     2 |       ||     2
 Stab: Sleeping          |     1 |       |       ||     1
Armor: Robe              |    43 |    15 |    10 ||    68
       Skin              |       |     9 |     2 ||    11
       Leather armour    |       |       |    80 ||    80
       Steam dragon scal |       |       |     3 ||     3
Dodge: Dodged            |    56 |    29 |   186 ||   271

Table legend: (Time is in decaauts)
 A = Elapsed time spent in this place.
 B = Non-inter-level travel time spent in this place.
 C = Inter-level travel time spent in this place.
 D = Time resting spent in this place.
 E = Time spent auto-exploring this place.
 F = Levels seen in this place.
 G = Mean time per level.
                   A        B        C        D        E       F      G
               +--------+--------+--------+--------+--------+-----+--------+
         Total |   5776 |   5646 |    130 |    572 |   4031 |   8 |  722.0 |
       Dungeon |   5774 |   5644 |    130 |    572 |   4031 |   7 |  824.9 |
        Temple |      1 |      1 |      0 |      0 |      0 |   1 |    1.0 |
               +--------+--------+--------+--------+--------+-----+--------+

Top non-repeatable levels by time:
     D:6: 1403 daAuts
     D:5: 1189 daAuts
     D:3: 844 daAuts
     D:4: 794 daAuts
     D:2: 739 daAuts
     D:1: 572 daAuts
     D:7: 231 daAuts
  Temple: 1 daAuts
